 Dungeon Crawl Stone Soup version 0.31-a0-675-g238779eb0a (webtiles) character file.

Game seed: 17365581895253079047

221 qw the Shooter (level 5, -2/33 HPs)
             Began as a Gargoyle Hunter on Sept 5, 2023.
             Slain by a gnoll sergeant
             ... wielding a +0 spear
              (7 damage)
             ... on level 4 of the Dungeon.
             The game lasted 00:00:51 (2539 turns).

qw the Shooter (Gargoyle Hunter)                    Turns: 2539, Time: 00:00:52

Health: -2/33      AC: 10    Str: 15    XL:     5   Next: 98%
Magic:  5/5        EV: 16    Int:  9    God:
Gold:   61         SH:  0    Dex: 15    Spells: 4/4 levels left

rFire   . . .        Y - +0 shortbow (chaos)
rCold   . . .        (shield currently unavailable)
rNeg    + . .        i - +0 ring mail
rPois   inf          d - +1 hat
rElec   +            (no cloak)
rCorr   .            (no gloves)
SInv    .            (no boots)
Will    .....        (no amulet)
Stlth   +            j - +5 ring of evasion
HPRegen 0.25/turn    (no ring)
MPRegen 0.09/turn

%: no passive effects
@: about to teleport
A: sickness immunity, AC +4, negative energy resistance 1, electricity
resistance, torment resistance 1, petrification resistance
a: no special abilities


You were on level 4 of the Dungeon.
You visited 1 branch of the dungeon, and saw 4 of its levels.

You collected 160 gold pieces.
You spent 99 gold pieces at shops.


Innate Abilities, Weirdness & Mutations

You are immune to sickness and miasma.
Your stone body is resilient. (AC +4)
You are immune to poison.
You resist negative energy. (rN+)
You are resistant to electric shocks. (rElec)
You are resistant to unholy torment.
You are immune to petrification.


   Skills:
 - Level 4.0 Fighting
 + Level 6.0 Ranged Weapons
 - Level 1.2 Armour
 - Level 1.5 Dodging
 - Level 1.1 Stealth


You had 4 spell levels left.
You didn't know any spells.
Your spell library was empty.

Inventory:

Hand Weapons
 Y - a +0 shortbow of chaos (weapon)
Armour
 d - a +1 hat (worn)
 i - a +0 ring mail (worn)
Jewellery
 j - a +5 ring of evasion (left hand)
Scrolls
 a - 2 scrolls of teleportation
 b - 3 scrolls of identify
 g - a scroll of fog {unknown}
 l - a scroll of noise {unknown}
 m - a scroll of vulnerability {unknown}
Potions
 c - a potion of might {unknown}
 e - 4 potions of curing
 f - a potion of mutation {unknown}
 h - a potion of haste
 k - a potion of attraction {unknown}

Dungeon Overview and Level Annotations

Branches:
Dungeon (4/15)
 Temple: D:4-7

Altars:
The Shining One

Shops:
D:1 (*[[   D:4 !


Message History

The arrow barely misses the gnoll sergeant.
The arrow hits the gnoll!
The gnoll is poisoned.
The gnoll is heavily wounded.
The gnoll sergeant hits you but does no damage.
The gnoll sergeant misses you.
You shoot an arrow. The gnoll shouts!
The arrow hits the gnoll.
You kill the gnoll!
The gnoll sergeant hits you from afar with a +0 spear.
The gnoll sergeant misses you.
Your Fighting skill increases to level 4!
You shoot an arrow.
The arrow hits the gnoll sergeant but does no damage.
The gnoll sergeant goes berserk!
The gnoll sergeant is heavily wounded.
The gnoll sergeant barely misses you. The gnoll closely misses you.
An endoplasm comes into view.
The gnoll sergeant closely misses you.
2537 |||
Found retreat position at 0,2 (open_door) with 0 blocking monsters and 4 monsters attacking at destination at distance 2
2537 ||| Stepping ~*~*~tactically~*~*~ (retreating).
The gnoll sergeant attacks as it pursues you!
The gnoll sergeant barely misses you.
Enter note:
Enter note:
Enter note:
Enter note:
Enter note:
Enter note:
2538 |||
Found retreat position at -1,1 (open_door) with 0 blocking monsters and 4 monsters attacking at destination at distance 1
2538 ||| Stepping ~*~*~tactically~*~*~ (retreating).
The gnoll sergeant attacks as it pursues you!
The gnoll sergeant completely misses you.
The gnoll sergeant hits you from afar with a +0 spear!
There is an open door here.
2539 ||| READING 3 scrolls of teleportation.
As you read the scroll of teleportation, it crumbles to dust.
You feel strangely unstable.
The gnoll sergeant hits you from afar with a +0 spear!
You die...

#...#J......#.........
#...#.......#.........
#...#.......'.......##
#...#.......#.......##
#...#.).....#........#
#...#.g.....#........#
#...#.g.....#+########
##...##...............#
#.....@...............#
#.....#................
#.....#................
#.....#................
#.....#.....)..........
#.....#................
#.....#................
##.##'#................
###........###########


You could see a gnoll sergeant (berserk, fast) and a gnoll.

Vanquished Creatures
  A howler monkey (D:4)
  Jessica (D:3)
  5 gnolls (D:4)
  5 adders
  A dart slug (D:2)
  2 bats (D:2)
  9 endoplasms
  5 giant cockroaches
  9 goblins
  7 hobgoblins
  3 quokkas
  8 ball pythons
  2 frilled lizards (D:3)
  6 kobolds
  3 rats
67 creatures vanquished.

Notes
Turn   | Place    | Note
-------+----------+-------------------------------------------
     0 | D:1      | qw the Gargoyle Hunter began the quest for the Orb.
     0 | D:1      | Reached XP level 1. HP: 12/12 MP: 1/1
     0 | D:1      | 0 ||| qw: Version: 0.3-a-75-g829b12e
     0 | D:1      | 0 ||| qw: Game counter: 147
     0 | D:1      | 0 ||| qw: Melee chars always use a shield: true
     0 | D:1      | 0 ||| qw: God list: Okawaru
     0 | D:1      | 0 ||| qw: Allow faded altars: false
     0 | D:1      | 0 ||| qw: Do Orc after clearing Dungeon:15 true
     0 | D:1      | 0 ||| qw: Do second Lair branch before Depths: true
     0 | D:1      | 0 ||| qw: Lair rune preference: random
     0 | D:1      | 0 ||| qw: Goals: Normal
     0 | D:1      | 0 ||| PLANNING D:1-11
    70 | D:1      | Found Siky's Weapon Boutique.
   101 | D:1      | Reached XP level 2. HP: 17/17 MP: 2/2
   162 | D:1      | Found Ipletish's General Store.
   170 | D:1      | 170 ||| SHOPLISTING +3 sling of Rubbish {antimagic, Str+5
                  | Int+8} (753 gold, have 17).
   170 | D:1      | 170 ||| SHOPLISTING scroll of enchant armour (105 gold,
                  | have 17).
   194 | D:1      | Found a faded altar of an unknown god.
   235 | D:1      | Found Tuocymp's Antique Armour Emporium.
   237 | D:1      | Found Jeoh's Antique Armour Shoppe.
   242 | D:1      | 242 ||| SHOPLISTING cloak (94 gold, have 17).
   242 | D:1      | 242 ||| SHOPLISTING ring mail (84 gold, have 17).
   242 | D:1      | 242 ||| SHOPLISTING shiny helmet (157 gold, have 17).
   245 | D:1      | 245 ||| SHOPLISTING glowing helmet (172 gold, have 17).
   245 | D:1      | 245 ||| SHOPLISTING helmet (103 gold, have 17).
   245 | D:1      | 245 ||| SHOPLISTING pair of boots (103 gold, have 17).
   245 | D:1      | 245 ||| SHOPLISTING ring mail (92 gold, have 17).
   245 | D:1      | 245 ||| SHOPLISTING runed hat (161 gold, have 17).
   438 | D:1      | 438 ||| UPGRADING to +5 ring of evasion.
   439 | D:1      | 439 ||| READING 3 scrolls labelled LUF QYACUSM.
   442 | D:1      | 442 ||| READING scroll labelled OHETTI SEELETI.
   443 | D:1      | 443 ||| READING scroll labelled ITOOHE CA NAO.
   444 | D:1      | 444 ||| READING scroll labelled ECVONU BEOSCH.
   445 | D:1      | 445 ||| DROPPING scroll of butterflies.
   510 | D:2      | Reached XP level 3. HP: 21/21 MP: 3/3
   549 | D:2      | Reached skill level 5 in Ranged Weapons
  1137 | D:2      | Reached skill level 3 in Fighting
  1299 | D:2      | 1299 ||| UPGRADING to +1 hat.
  1304 | D:2      | 1304 ||| UPGRADING to +0 ring mail.
  1314 | D:2      | 1314 ||| DROPPING +0 leather armour.
  1315 | D:2      | 1315 ||| READING scroll labelled GIRUT VERIEXT.
  1316 | D:2      | 1316 ||| READING scroll labelled TECKOU ETTE.
  1433 | D:3      | Reached skill level 1 in Armour
  1433 | D:3      | Reached XP level 4. HP: 28/28 MP: 4/4
  1457 | D:3      | Noticed Jessica
  1461 | D:3      | Killed Jessica
  1816 | D:3      | Found a glowing golden altar of the Shining One.
  2044 | D:3      | 2044 ||| DROPPING +6 ring of intelligence.
  2045 | D:3      | 2045 ||| READING 2 scrolls labelled TOENWU POSAHE.
  2046 | D:3      | 2046 ||| DRINKING 2 metallic emerald potions.
  2152 | D:4      | Reached XP level 5. HP: 32/32 MP: 5/5
  2167 | D:4      | Found Kiufau's Distillery.
  2175 | D:4      | 2175 ||| BUYING potion of curing (33 gold).
  2175 | D:4      | Bought a potion of curing for 33 gold pieces
  2175 | D:4      | 2175 ||| BUYING potion of curing (33 gold).
  2175 | D:4      | Bought a potion of curing for 33 gold pieces
  2175 | D:4      | 2175 ||| BUYING potion of curing (33 gold).
  2175 | D:4      | Bought a potion of curing for 33 gold pieces
  2175 | D:4      | 2175 ||| SHOPLISTING potion of haste (110 gold, have 34).
  2175 | D:4      | 2175 ||| SHOPLISTING potion of might (44 gold, have 34).
  2175 | D:4      | 2175 ||| SHOPLISTING potion of mutation (88 gold, have 34).
  2175 | D:4      | 2175 ||| SHOPLISTING potion of resistance (110 gold, have
                  | 34).
  2247 | D:4      | Reached skill level 6 in Ranged Weapons
  2532 | D:4      | 2532 ||| Stepping ~*~*~tactically~*~*~ (retreating).
  2533 | D:4      | 2533 ||| Stepping ~*~*~tactically~*~*~ (retreating).
  2537 | D:4      | 2537 ||| Stepping ~*~*~tactically~*~*~ (retreating).
  2538 | D:4      | 2538 ||| Stepping ~*~*~tactically~*~*~ (retreating).
  2538 | D:4      | HP: 5/33 [gnoll sergeant/+0 spear (10)]
  2539 | D:4      | 2539 ||| READING 3 scrolls of teleportation.
  2539 | D:4      | Slain by a gnoll sergeant

Levels and vault maps discovered:
D:1:      lightli_arrival_maybe_door_vault, layout_rooms, serial_shops,
          nicolae_shop_crystal, nicolae_shop_bloodbath_and_beyond, shop, shop,
          ebering_ecumenical_altar_abandoned
D:2:      layout_basic
D:3:      layout_basic, nicolae_tso_swordbearing_angel, kennysheep_boxes,
          uniq_jessica
D:4:      layout_gridville, serial_shops, nicolae_shop_just_a_little_nook

Skill      XL: |  1  2  3  4  5 |
---------------+----------------+-----
Ranged Weapons | 5 6 |  6.0
Fighting       | 3 4 |  4.0
Armour         | 1 |  1.2
Dodging        | |  1.5
Stealth        | |  1.1

Action                     |  1- 3 |  4- 6 || total
---------------------------+-------+-------++-------
   Fire: Shortbow          |    88 |    78 ||   166
    Use: Scroll            |     6 |     2 ||     8
         Potion            |       |     1 ||     1
 Armour: Leather armour    |     6 |       ||     6
         Ring mail         |       |    12 ||    12
  Dodge: Dodged            |    15 |    23 ||    38

Table legend:
 A = Non-vault XP
 B = Vault XP
 C = Vault XP percentage of total XP
 D = Non-vault monster count
 E = Vault monster count
 F = Vault count percentage of total count
                 A         B        C        D         E       F
            +---------+---------+-------+---------+---------+-------
      Total |     280 |      37 |  11.7 |      66 |       1 |   1.5
            +---------+---------+-------+---------+---------+-------
        D:1 |      30 |       0 |   0.0 |      19 |       0 |   0.0
        D:2 |      42 |       0 |   0.0 |      17 |       0 |   0.0
        D:3 |      40 |      37 |  48.1 |      11 |       1 |   8.3
        D:4 |     168 |       0 |   0.0 |      19 |       0 |   0.0
            +---------+---------+-------+---------+---------+-------
